 Dungeon Crawl Stone Soup version 0.31.0-10-gcf4a605ca0 (webtiles) character file.

Game seed: 3261014710362638313

47 Gadfly the Insei (level 3, 0/58 HPs)
             Began as a Demonspawn Shapeshifter on Jan 26, 2024.
             Succumbed to an adder's poison
             ... on level 2 of the Dungeon.
             The game lasted 00:02:31 (927 turns).

Gadfly the Insei (Demonspawn Shapeshifter)           Turns: 927, Time: 00:02:32

Health: 0/58       AC: 21    Str: 14    XL:     3   Next: 48%
Magic:  3/3        EV:  2    Int: 10    God:
Gold:   49         SH:  0    Dex: 14    Spells: 2/2 levels left

rFire   . .          .
                       - Unarmed
rCold   . . .        (no shield)
rNeg    . . .        a - melded +0 animal skin
rPois   +            (helmet currently unavailable)
rElec   .            (cloak currently unavailable)
rCorr   .            (gloves currently unavailable)
SInv    .            (boots currently unavailable)
Will    .....        h - amulet of the acrobat Stlth
                     (no ring)
HPRegen 0.29/turn    (no ring)
MPRegen 0.08/turn

%: acrobat
@: berserking, lethally poisoned (0 -> -2), tree-form, very quick
A: stationary, stasis, torment immunity, boosted hp, foul stench 1, powered by
death 1
a: no special abilities


You were on level 2 of the Dungeon.
You were a tree.
You visited 1 branch of the dungeon, and saw 2 of its levels.

You collected 49 gold pieces.

Inventory:

Armour
 a - a +0 animal skin (melded)
Jewellery
 h - an amulet of the acrobat (around neck)
Talismans
 c - a beast talisman
 d - a flux talisman
Scrolls
 e - a scroll of identify
 f - a scroll of immolation {unknown}


   Skills:
 + Level 1.4 Fighting
 + Level 2.2 Dodging
 + Level 3.0 Unarmed Combat
 * Level 1.5 Evocations
 + Level 3.0 Shapeshifting


You had 2 spell levels left.
You didn't know any spells.
Your spell library was empty.

Dungeon Overview and Level Annotations

Branches:
Dungeon (2/15)

Altars:


Innate Abilities, Weirdness & Mutations

You are a tree.
Your roots penetrate the ground, keeping you stationary.
You cannot be teleported.
You are immune to unholy pain and torment.
Your maximum health is greatly increased.
Your equipment is partially melded.
You may rarely emit foul miasma when damaged in melee.
You regenerate a little health from kills.


Message History

You are too injured to fight recklessly!
You are too injured to fight recklessly!
Unknown command.
You feel sick. The adder attacks as it pursues you!
The adder closely misses you.
* * * LOW HITPOINT WARNING * * *
You feel sick. The adder attacks as it pursues you!
The adder completely misses you.
* * * LOW HITPOINT WARNING * * *
You feel sick. The adder misses you.
Your transformation has ended.
You turn into a tree.
Your +0 animal skin melds into your body.
Your roots penetrate the ground.
You feel sick. The adder barely misses you.
You barely miss the adder.
The adder is heavily wounded.
You feel sick. The adder bites you but does no damage.
You hit the adder.
The adder is severely wounded.
You feel sick. The adder bites you but does no damage. The adder bites you.
* * * LOW HITPOINT WARNING * * *
You are lethally poisoned!
The adder poisons you!
You smack the adder!
You kill the adder!
* * * LOW HITPOINT WARNING * * *
You feel sick.
Your Unarmed Combat skill increases to level 3!
Your Shapeshifting skill increases to level 3!
You smack the kobold!
You kill the kobold!
* * * LOW HITPOINT WARNING * * *
You feel sick.
You cannot move.
There is a lethal amount of poison in your body!
There is a lethal amount of poison in your body!
There is a lethal amount of poison in your body!
A red film seems to cover your vision as you go berserk!
You feel yourself moving faster!
You feel mighty!
You die...

....####.# # ####.# #....#
.. #.##.#
#..#.##.###########
#.......##........
......#.###.#####.# ##.##
##.###....>....##.##......
##.###.##.♣)....# #.#
#.#####.......# #.# #.#
#.####.## #.# #.. .)# #
#.# ### #### #.# #.


There were no monsters in sight!

Vanquished Creatures
  An adder (D:2)
  4 dart slugs (D:1)
  2 ball pythons (D:1)
  2 bats (D:1)
  3 endoplasms (D:1)
  2 giant cockroaches (D:1)
  A goblin (D:1)
  3 hobgoblins
  2 frilled lizards (D:1)
  4 kobolds
  4 rats (D:1)
28 creatures vanquished.

Notes
Turn   | Place    | Note
-------+----------+-------------------------------------------
     0 | D:1      | Gadfly the Demonspawn Shapeshifter began the quest for the
                  | Orb.
     0 | D:1      | Reached XP level 1. HP: 15/15 MP: 1/1
   107 | D:1      | Gained mutation: You regenerate a little health from kills.
                  | [demonic ancestry]
   107 | D:1      | Reached XP level 2. HP: 19/21 MP: 2/2
   131 | D:1      | Found a faded altar of an unknown god.
   329 | D:1      | Reached skill level 1 in Evocations
   427 | D:1      | Gained mutation: You may rarely emit foul miasma when
                  | damaged in melee. [demonic ancestry]
   427 | D:1      | Reached XP level 3. HP: 15/26 MP: 3/3
   925 | D:2      | HP: 1/39 [poisoned by an adder]
   927 | D:2      | Succumbed to an adder's poison

Illustrated notes

Levels and vault maps discovered:
D:1:      lightli_molten_gateway, layout_rooms, shapermc_ecumenical_altar_gd,
          minmay_octomino_e4
D:2:      kennysheep_the_goblin_king, layout_loops_cross,
          nicolae_underground_beach

Skill      XL: |  1  2  3 |
---------------+----------+-----
Dodging        | 2 |  2.2
Evocations     | 1 |  1.5
Unarmed Combat | 3 |  3.0
Shapeshifting  | 3 |  3.0
Fighting       | |  1.4

Action                     || total
---------------------------++-------
  Melee: Unarmed           ||    98
         Punch             ||     4
    Use: Scroll            ||     5
         Potion            ||     2
   Stab: Sleeping          ||     1
 Armour: Animal skin       ||    51
         Skin              ||     3
  Dodge: Dodged            ||    62
